 Dungeon Crawl Stone Soup version 0.18-b1-14-g029dad2 (webtiles) character file.

1771 RudyRod the Reanimator (level 8, -1/54 HPs)
             Began as a Demonspawn Necromancer on Apr 30, 2016.
             Was an Initiate of Vehumet.
             Slain by a killer bee (3 damage)
             ... on level 7 of the Dungeon.
             The game lasted 00:59:18 (9157 turns).

RudyRod the Reanimator (Demonspawn Necromancer)     Turns: 9157, Time: 00:59:19

Health: -1/54      AC:  9    Str: 14    XL:     8   Next: 80%
Magic:  5/18       EV: 12    Int: 18    God:    Vehumet [......]
Gold:   368        SH:  0    Dex: 14    Spells: 3 memorised, 13 levels left

rFire  + . .     SeeInvis .     s - +7 club
rCold  . . .     Gourm    .     D - +0 swamp dragon armour
rNeg   . . .     Faith    .     (no shield)
rPois  +         Spirit   .     t - +0 helmet
rElec  .         Dismiss  .     p - +0 cloak
rCorr  +         Reflect  .     (no gloves)
SustAt .         Harm     .     (no boots)
MR     .....                    (no amulet)
Stlth  ++........               z - ring of resist corrosion
                                r - ring of flight

@: mighty, lethally poisoned (-1 -> -2), flying, not resistant to hostile
enchantments, unstealthy
A: hooves 1, fire resistance 1, flame cloud immunity, sturdy frame 2
a: Renounce Religion


You were on level 7 of the Dungeon.
You worshipped Vehumet.
Vehumet was noncommittal.
You were not hungry.

You visited 2 branches of the dungeon, and saw 8 of its levels.
You also visited: Sewer.

You collected 368 gold pieces.

Inventory:

Hand Weapons
 h - a +0 dagger
 q - a +2 morningstar of freezing
 s - a +7 club (weapon)
Armour
 a - a +0 robe
 m - a +0 ring mail
 n - a cursed +0 chain mail
 p - a +0 cloak (worn)
 t - a +0 helmet (worn)
 D - a +0 swamp dragon armour (worn)
Jewellery
 e - an uncursed ring of see invisible {unknown}
 r - a ring of flight (left hand)
 z - a ring of resist corrosion (right hand)
Wands
 E - a wand of flame (48/48)
Scrolls
 c - a scroll of recharging
 o - 3 scrolls of remove curse
 u - 2 scrolls of enchant weapon
 w - 4 scrolls of teleportation
 x - a scroll of fear {unknown}
 y - 2 scrolls of fog
Potions
 d - 3 potions of might
 g - a potion of heal wounds {unknown}
 i - a potion of experience {unknown}
 j - 3 potions of flight
 k - 2 potions of magic {unknown}
 l - 2 potions of invisibility {unknown}
 A - a potion of cure mutation {unknown}
 B - a potion of brilliance {unknown}
 C - a potion of curing {unknown}
Books
 b - a book of Necromancy

   Spells                             Type                      Level
   a - Pain                           Necromancy                   1
   b - Animate Skeleton               Necromancy                   1
   c - Vampiric Draining              Necromancy                   3
   d - Regeneration                   Charms/Necromancy            3
   e - Animate Dead                   Necromancy                   4
   f - Control Undead                 Necromancy                   4
Comestibles
 f - a meat ration
 v - a chunk of flesh


   Skills:
 + Level 1.4 Fighting
 + Level 1.2 Maces & Flails
 + Level 2.4 Armour
 + Level 2.9 Dodging
 + Level 2.7 Stealth
 + Level 7.0 Spellcasting
 + Level 8.8 Necromancy


You had 13 spell levels left.
You knew the following spells:

 Your Spells              Type           Power        Failure   Level  Hunger
a - Pain                  Necr           ####         1%          1    None
b - Vampiric Draining     Necr           #####.....   1%          3    ##.....
c - Animate Dead          Necr           N/A          3%          4    ####...


Dungeon Overview and Level Annotations

Branches:
Dungeon (7/15)             Temple (1/1) D:4

Altars:
Ashenzari
Cheibriados
Dithmenos
Elyvilon
Fedhas
Gozag
Kikubaaqudgha
Okawaru
Pakellas
Qazlal
Sif Muna
Trog
Vehumet
Xom
Yredelemnul
Zin
The Shining One

Shops:
D:5 *


Innate Abilities, Weirdness & Mutations

You have large cloven feet.
Your flesh is heat resistant.
You are immune to clouds of flame.
Your movements are less encumbered by armour (ER -4).


Message History

You feel sick. The killer bee misses you. The killer bee stings you.
* * * LOW HITPOINT WARNING * * *
The killer bee closely misses you.
You feel sick. The killer bee stings you.
* * * LOW HITPOINT WARNING * * *
The killer bee stings you but does no damage.
You feel sick.
The killer bee stings you but does no damage.
The killer bee misses you. The killer bee stings you.
* * * LOW HITPOINT WARNING * * *
* * * LOW HITPOINT WARNING * * *
You feel sick. The killer bee misses you.
Drink which item? (? for menu, Esc to quit)
It was a potion of flight.
You feel very buoyant.
You fly up into the air.
The killer bee closely misses you. The killer bee stings you.
You die...

#.# . #.# ###. #.#
##... #.# #..#
#...# #.# #...
###...###.# ##...
####.......#.#
!....
.............#
..... ##....@..###
..... ###.yy###
.....#########...#
#.†.......Z..##
#.############ #.
#. #. ..


You could see 2 killer bees and a quokka skeleton.

Vanquished Creatures
  An orc warrior (D:6)
  A sky beast (D:6)
  A phantom (D:6)
  A centaur (D:5)
  2 giant frogs
  A big kobold (D:5)
  A wyvern skeleton (D:6)
  3 killer bees (D:7)
  3 scorpions
  3 howler monkeys (D:5)
  2 crimson imps
  2 jellies
  An orc priest (D:4)
  A hound (D:5)
  2 centaur skeletons
  Jessica (D:3)
  2 worker ants (D:6)
  2 orc wizards
  Robin (D:2)
  7 gnolls
  9 adders
  2 worms
  5 giant geckos
  20 orcs
  19 bats
  8 giant cockroaches
  16 goblins
  13 hobgoblins
  6 jackals
  30 kobolds
  A quokka (D:3)
  3 ball pythons
  A giant gecko skeleton (D:4)
  A giant gecko zombie (D:5)
  4 giant newts
  A jackal skeleton (D:6)
  10 rats
  5 plants (D:5)
192 creatures vanquished.

Vanquished Creatures (collateral kills)
  A phantom (D:5)
1 creature vanquished.

Grand Total: 193 creatures vanquished

Notes
Turn   | Place    | Note
--------------------------------------------------------------
     0 | D:1      | RudyRod the Demonspawn Necromancer began the quest for the Orb.
     0 | D:1      | Reached XP level 1. HP: 13/13 MP: 3/3
   284 | D:1      | Gained mutation: Your movements are slightly less encumbered by armour (ER -2). [demonic ancestry]
   284 | D:1      | Reached XP level 2. HP: 16/19 MP: 0/5
   447 | D:1      | Reached skill level 5 in Necromancy
  1044 | D:1      | Gained mutation: Your movements are less encumbered by armour (ER -4). [demonic ancestry]
  1044 | D:1      | Reached XP level 3. HP: 23/24 MP: 3/6
  1576 | D:2      | Found an opulent altar of Gozag.
  2029 | D:2      | Gained mutation: Your flesh is heat resistant. [demonic ancestry]
  2029 | D:2      | Reached XP level 4. HP: 17/30 MP: 0/8
  2324 | D:2      | Learned a level 3 spell: Vampiric Draining
  3046 | D:3      | Noticed Robin
  3064 | D:3      | Reached XP level 5. HP: 33/35 MP: 5/9
  3243 | D:2      | Reached skill level 6 in Necromancy
  3313 | D:2      | Killed Robin
  3509 | D:3      | Noticed Jessica
  3511 | D:3      | Killed Jessica
  4303 | D:4      | Found a staircase to the Ecumenical Temple.
  4368 | D:4      | Found a glowing drain.
  4392 | Sewer    | Entered a sewer
  4396 | Sewer    | Gained mutation: You have large cloven feet. [demonic ancestry]
  4396 | Sewer    | Reached XP level 6. HP: 35/41 MP: 3/11
  5156 | D:4      | HP: 2/41 [giant gecko skeleton (3)]
  5703 | D:4      | Found a blossoming altar of Fedhas.
  5704 | D:4      | Found an iron altar of Okawaru.
  5852 | D:4      | Found a white marble altar of Elyvilon.
  5930 | D:5      | Entered Level 5 of the Dungeon
  6104 | D:4      | Learned a level 4 spell: Animate Dead
  6173 | D:5      | Reached skill level 7 in Necromancy
  6173 | D:5      | Gained mutation: You are immune to clouds of flame. [demonic ancestry]
  6173 | D:5      | Reached XP level 7. HP: 45/46 MP: 3/14
  6395 | D:5      | Reached skill level 1 in Armour
  6653 | D:5      | Reached skill level 5 in Spellcasting
  7115 | D:5      | Found Teec's Elemental Accessories.
  7287 | D:5      | Found an ancient bone altar of Kikubaaqudgha.
  7328 | D:5      | Found a shattered altar of Ashenzari.
  7494 | D:5      | Found a deep blue altar of Sif Muna.
  7613 | D:5      | Reached skill level 1 in Maces & Flails
  7622 | D:5      | Reached skill level 1 in Fighting
  7745 | Temple   | Entered the Ecumenical Temple
  7789 | Temple   | Became a worshipper of Vehumet
  7937 | D:6      | Reached XP level 8. HP: 50/54 MP: 0/16
  8215 | D:6      | Reached skill level 8 in Necromancy
  9156 | D:7      | HP: 2/54 [poisoned by a killer bee]
  9157 | D:7      | Slain by a killer bee

Skill      XL: |  1  2  3  4  5  6  7  8 |
---------------+-------------------------+-----
Necromancy     | 5 6 7 8 |  8.8
Stealth        | 2 |  2.7
Dodging        | 2 |  2.9
Spellcasting   | 3 4 5 7 |  7.0
Armour         | 1 2 |  2.4
Maces & Flails | 1 |  1.2
Fighting       | 1 |  1.4

Action                   |  1- 3 |  4- 6 |  7- 9 || total
-------------------------+-------+-------+-------++-------
Melee: Dagger            |     5 |       |       ||     5
       Club              |       |    20 |   226 ||   246
       Kick              |       |     1 |    61 ||    62
 Cast: Pain              |    72 |   165 |   103 ||   340
       Vampiric Draining |       |     5 |    11 ||    16
       Animate Dead      |       |       |     3 ||     3
  Use: Scroll            |       |     8 |     7 ||    15
       Potion            |       |       |     2 ||     2
 Stab: Sleeping          |       |       |     1 ||     1
  Eat: Chunk             |     4 |     5 |     3 ||    12
       Bread ration      |       |     2 |     2 ||     4
       Pizza             |       |       |     1 ||     1
Armor: Robe              |     8 |     5 |       ||    13
       Ring mail         |       |    23 |       ||    23
       Swamp dragon armo |       |     5 |    85 ||    90
Dodge: Dodged            |    15 |    59 |   106 ||   180
